Map: New Gettysburg LE

Players

DragonMan - Winner!

  • Race: Protoss Protoss
  • League: Gold

ReACTiVE

  • Race: Protoss Protoss
  • League: Silver

VOD

Have the link to the VOD?

Description

pvp loss

Time

  • Played on: Aug. 23, 2016, 10 p.m.
  • Length: 19:46
Show
View Real Time Build Order
Export as new Build Order

DragonMan Protoss - Winner!

Build Orders: Double Forge 

Get SALT Encoding   

  12  0:01  Probe (Chrono Boost)  
  13  0:12  Probe (Chrono Boost)  
  14  0:20  Pylon  
  14  0:29  Probe (Chrono Boost)  
  15  0:39  Probe (Chrono Boost)  
  16  1:05  Probe (Chrono Boost)  
  16  1:06  Nexus  
  17  1:19  Gateway  
  17  1:27  Probe (Chrono Boost)  
  18  1:33  Assimilator  
  18  1:38  Probe (Chrono Boost)  
  19  1:59  Pylon  
  19  2:13  Nexus  
  19  2:18  Probe (Chrono Boost)  
  21  2:30  Probe (Chrono Boost)  
  21  2:40  Probe (Chrono Boost)  
  21  2:43  Cybernetics Core  
  21  2:47  Probe (Chrono Boost)  
  21  2:51  Probe (Chrono Boost)  
  23  2:58  Probe (Chrono Boost)  
  24  3:01  Probe (Chrono Boost)  
  25  3:07  Assimilator  
  25  3:13  Probe (Chrono Boost)  
  25  3:15  Warp Gate  
  26  3:23  Probe (Chrono Boost), Robotics Facility  
  27  3:29  Probe (Chrono Boost)  
  27  3:31  Zealot  
  31  3:34  Probe (Chrono Boost)  
  32  3:42  Probe (Chrono Boost)  
  32  3:44  Probe x2 (Chrono Boost)  
  34  3:54  Probe (Chrono Boost), Gateway  
  35  4:00  Robotics Facility  
  35  4:02  Probe (Chrono Boost)  
  36  4:06  Probe (Chrono Boost)  
  36  4:07  Probe (Chrono Boost)  
  38  4:12  Observer  
  38  4:13  Pylon  
  38  4:14  Probe (Chrono Boost)  
  40  4:19  Stalker  
  42  4:28  Forge  
  42  4:33  Gateway  
  42  4:34  Probe (Chrono Boost)  
  42  4:35  Probe (Chrono Boost)  
  44  4:40  Warp Prism  
  46  4:47  Pylon  
  46  4:50  Pylon  
  46  4:52  Probe (Chrono Boost)  
  48  4:53  Probe (Chrono Boost)  
  48  4:57  Forge  
  48  5:12  Nexus  
  48  5:13  Probe (Chrono Boost)  
  50  5:14  Probe (Chrono Boost)  
  50  5:15  Probe (Chrono Boost)  
  51  5:26  Probe x2 (Chrono Boost)  
  51  5:27  Probe (Chrono Boost)  
  54  5:29  Protoss Ground Weapons Level 1, Protoss Ground Armor Level 1  
  54  5:31  Immortal  
  58  5:37  Immortal  
  58  5:39  Probe (Chrono Boost)  
  63  5:44  Probe (Chrono Boost)  
  64  5:55  Twilight Council  
  64  5:59  Photon Cannon  
  64  6:01  Pylon  
  64  6:05  Photon Cannon  
  64  6:06  Probe (Chrono Boost), Pylon  
  64  6:07  Probe x2 (Chrono Boost)  
  67  6:16  Probe (Chrono Boost)  
  69  6:18  Assimilator  
  69  6:19  Probe (Chrono Boost)  
  69  6:21  Probe (Chrono Boost), Pylon  
  70  6:27  Probe (Chrono Boost)  
  70  6:30  Immortal x2  
  70  6:31  Probe (Chrono Boost)  
  73  6:33  Probe (Chrono Boost)  
  73  6:37  Probe (Chrono Boost)  
  82  6:40  Zealot x2, Sentry  
  82  6:44  Probe (Chrono Boost)  
  82  6:45  Probe x2 (Chrono Boost)  
  91  6:48  Probe (Chrono Boost)  
  91  6:49  Assimilator  
  91  6:51  Assimilator  
  81  6:57  Probe (Chrono Boost)  
  82  7:01  Stalker  
  82  7:03  Zealot x2  
  88  7:12  Gateway  
  88  7:14  Gateway  
  88  7:26  Zealot x3  
  94  7:34  Probe (Chrono Boost)  
  94  7:35  Probe (Chrono Boost)  
  94  7:36  Blink  
  92  7:37  Probe x2 (Chrono Boost)  
  92  7:45  Probe (Chrono Boost), Gateway  
  92  7:48  Gateway  
  92  7:50  Assimilator  
  92  7:51  Probe (Chrono Boost)  
  96  7:52  Probe x2 (Chrono Boost)  
  96  7:54  Assimilator  
  96  7:55  Probe (Chrono Boost), Dark Shrine  
  97  7:58  Pylon  
  97  8:00  Assimilator  
  97  8:01  Probe (Chrono Boost)  
  97  8:02  Nexus  
  97  8:04  Probe x2 (Chrono Boost)  
  100  8:06  Probe (Chrono Boost)  
  100  8:07  Protoss Ground Armor Level 2  
  100  8:12  Probe (Chrono Boost)  
  102  8:14  Nexus  
  102  8:16  Probe x3 (Chrono Boost)  
  105  8:22  Probe (Chrono Boost)  
  109  8:27  Probe (Chrono Boost)  
  109  8:28  Probe x2 (Chrono Boost), Pylon  
  109  8:32  Templar Archives  
  109  8:33  Probe (Chrono Boost)  
  110  8:37  Probe (Chrono Boost)  
  110  8:40  Probe x2 (Chrono Boost)  
  113  8:42  Pylon  
  113  8:43  Immortal x2, Probe (Chrono Boost)  
  122  8:48  Protoss Ground Weapons Level 2  
  122  8:52  Probe (Chrono Boost)  
  123  8:58  Stalker x4  
  123  9:01  Zealot  
  133  9:04  Psionic Storm  
  133  9:10  Probe (Chrono Boost)  
  133  9:12  Probe x3 (Chrono Boost)  
  137  9:18  Probe (Chrono Boost)  
  137  9:21  Probe (Chrono Boost)  
  137  9:23  Pylon  
  137  9:24  Probe x3 (Chrono Boost)  
  142  9:28  Probe (Chrono Boost)  
  143  9:36  Probe (Chrono Boost)  
  144  9:39  Probe (Chrono Boost)  
  144  9:40  Stargate  
  144  9:41  Robotics Bay  
  144  9:42  Assimilator  
  144  9:44  Gateway  
  144  9:45  Assimilator  
  145  9:46  Gateway  
  145  9:49  Pylon  
  145  9:52  Pylon  
  145  9:55  Pylon  
  145  9:56  Photon Cannon  
  145  10:00  Photon Cannon  
  145  10:08  Stargate  
  145  10:10  Gateway  
  145  10:12  Gateway  
  145  10:13  Probe (Chrono Boost), Pylon  
  145  10:14  Probe x2 (Chrono Boost)  
  151  10:15  Probe x3 (Chrono Boost)  
  151  10:20  High Templar x2  
  151  10:21  High Templar  
  157  10:22  High Templar x4  
  157  10:24  Probe (Chrono Boost)  
  157  10:27  Probe (Chrono Boost)  
  167  10:32  Colossus  
  167  10:35  Observer  
  174  10:40  Assimilator  
  174  10:42  Assimilator, Photon Cannon  
  174  10:45  Photon Cannon  
  174  10:46  Extended Thermal Lance  
  174  10:53  Protoss Ground Weapons Level 3  
  174  10:54  Cybernetics Core  
  174  10:57  Fleet Beacon  
  174  11:04  Dark Templar x2  
  174  11:05  Dark Templar x2  
  174  11:08  Probe (Chrono Boost)  
  174  11:09  Probe (Chrono Boost)  
  174  11:10  Probe x2 (Chrono Boost)  
  186  11:13  Protoss Shields Level 1  
  186  11:23  Photon Cannon  
  186  11:26  Warp Prism  
  188  11:36  Protoss Air Armor Level 1  
  188  11:43  Protoss Air Weapons Level 1  
  188  11:47  Graviton Catapult  
  188  11:52  Photon Cannon  
  188  11:54  Photon Cannon  
  188  11:58  Photon Cannon  
  188  12:01  Pylon  
  188  12:04  Pylon  
  188  12:25  Zealot, Stalker  
  188  12:26  Zealot x3  
  188  12:27  High Templar  
  196  13:22  Pylon  
  196  13:23  Pylon  
  196  13:25  Pylon  
  196  13:28  Stargate  
  196  13:32  Stargate  
  176  13:54  Forge  
  176  13:55  Forge  
  176  13:56  Stargate  
  176  13:57  Stargate  
  176  14:02  Stargate  
  176  14:04  Stargate  
  176  14:07  Gateway  
  176  14:09  Gateway  
  176  14:11  Pylon  
  176  14:13  Pylon  
  176  14:14  Zealot, Pylon  
  176  14:15  Zealot x3  
  176  14:16  Pylon  
  175  14:19  Pylon  
  165  14:35  High Templar  
  167  14:38  Zealot  
  167  14:39  Zealot x3  
  167  14:40  Zealot x3  
  167  14:41  Zealot  
  167  14:43  Carrier  
  167  14:44  Carrier  
  191  14:48  Carrier  
  195  15:00  Archon  
  190  15:15  Twilight Council  
  190  15:18  Photon Cannon  
  190  15:20  Photon Cannon  
  180  15:22  Photon Cannon  
  180  15:24  Photon Cannon  
  180  15:26  Gateway  
  180  15:27  Gateway  
  168  15:29  Gateway  
  168  15:32  Gateway  
  166  15:36  Gateway  
  166  15:37  Zealot  
  166  15:38  Zealot, Gateway  
  166  15:39  Zealot x5  
  178  15:54  Carrier x3  
  154  16:23  Zealot  
  154  16:24  Zealot, Stalker x2  
  144  16:25  High Templar x2  
  134  16:54  Zealot x3  
  134  16:55  Zealot  
  138  17:23  Nexus  
  138  17:34  Nexus  
  128  17:47  Nexus, Zealot  
  128  17:48  Dark Templar x3  
  128  17:49  Dark Templar x5  
  128  17:50  Dark Templar x3, Pylon  
  152  17:53  Pylon  
  152  18:02  Cybernetics Core  
  151  18:34  Nexus  
  141  19:04  Probe x2 (Chrono Boost)  
  141  19:05  Probe x3 (Chrono Boost)  
  141  19:06  Probe (Chrono Boost)  
  147  19:13  Assimilator  
  147  19:14  Assimilator  
  147  19:15  Probe x2 (Chrono Boost)  
  145  19:25  High Templar  
  145  19:26  High Templar x6  
  145  19:27  High Templar  
  145  19:28  Assimilator, High Templar  
  145  19:29  High Templar  
  145  19:30  Assimilator  
  161  19:38  Archon  
  161  19:39  Archon x4  
  161  19:43  Assimilator  
Show
View Real Time Build Order
Export as new Build Order

ReACTiVE Protoss 

Build Orders:  

Get SALT Encoding   

  12  0:11  Probe (Chrono Boost)  
  13  0:21  Probe (Chrono Boost)  
  14  0:30  Pylon  
  14  0:32  Probe (Chrono Boost)  
  15  0:48  Probe (Chrono Boost)  
  16  0:51  Gateway  
  16  0:55  Gateway  
  16  0:59  Probe (Chrono Boost)  
  16  1:02  Assimilator  
  18  1:25  Probe (Chrono Boost)  
  17  1:36  Probe (Chrono Boost)  
  17  1:39  Cybernetics Core  
  18  1:52  Nexus  
  18  1:59  Pylon  
  18  2:02  Probe (Chrono Boost)  
  18  2:07  Assimilator  
  19  2:12  Probe (Chrono Boost)  
  20  2:23  Adept  
  20  2:25  Warp Gate  
  20  2:27  Probe (Chrono Boost)  
  23  2:42  Mothership Core (Chrono Boost)  
  25  3:00  Probe (Chrono Boost)  
  26  3:06  Probe (Chrono Boost)  
  26  3:11  Probe (Chrono Boost)  
  28  3:14  Adept  
  28  3:15  Adept  
  28  3:16  Probe (Chrono Boost)  
  33  3:24  Twilight Council  
  33  3:31  Pylon  
  33  3:36  Probe (Chrono Boost)  
  33  3:38  Probe (Chrono Boost)  
  35  3:47  Probe (Chrono Boost)  
  36  3:48  Probe (Chrono Boost)  
  36  3:51  Gateway  
  36  3:52  Gateway  
  37  3:59  Stalker  
  39  4:08  Blink  
  41  4:17  Probe x2 (Chrono Boost)  
  41  4:27  Probe (Chrono Boost)  
  41  4:28  Probe (Chrono Boost)  
  43  4:36  Robotics Facility  
  43  4:43  Probe x2 (Chrono Boost)  
  45  4:52  Pylon  
  45  4:53  Probe (Chrono Boost), Stalker x2  
  45  4:54  Probe (Chrono Boost)  
  51  5:04  Probe x2 (Chrono Boost)  
  53  5:14  Probe (Chrono Boost)  
  53  5:15  Stalker x2  
  58  5:29  Stalker x2  
  62  5:39  Pylon  
  62  5:41  Pylon  
  62  5:52  Immortal  
  62  5:53  Assimilator  
  62  5:55  Assimilator  
  68  5:57  Probe (Chrono Boost)  
  68  5:58  Probe (Chrono Boost)  
  68  5:59  Gateway  
  68  6:00  Gateway  
  68  6:02  Stargate  
  68  6:05  Stalker  
  68  6:11  Probe (Chrono Boost)  
  71  6:18  Probe (Chrono Boost)  
  72  6:23  Probe (Chrono Boost)  
  73  6:28  Stalker  
  73  6:29  Stalker  
  77  6:45  Pylon  
  77  6:48  Pylon  
  77  6:51  Pylon  
  77  6:55  Resonating Glaives  
  77  6:58  Immortal  
  73  7:29  Oracle  
  76  7:34  Warp Prism  
  78  7:45  Stalker x4  
  78  7:46  Stalker x2  
  90  7:57  Forge  
  90  7:59  Forge  
  90  8:02  Robotics Bay  
  90  8:06  Dark Shrine  
  90  8:15  Immortal  
  94  8:26  Nexus  
  94  8:35  Sentry  
  94  8:36  Sentry x2  
  94  8:37  Stalker  
  102  8:43  Pylon  
  102  8:44  Pylon  
  102  8:47  Pylon  
  102  8:49  Pylon  
  102  8:51  Protoss Ground Weapons Level 1  
  102  8:53  Protoss Ground Armor Level 1  
  102  9:05  Assimilator  
  102  9:09  Assimilator  
  102  9:12  Phoenix  
  102  9:15  Gateway  
  102  9:16  Gateway  
  104  9:17  Immortal, Gateway  
  108  9:27  Dark Templar  
  110  9:38  Observer Gravitic Boosters  
  110  9:50  Probe (Chrono Boost)  
  111  10:01  Probe (Chrono Boost)  
  112  10:11  Dark Templar x2  
  112  10:12  Probe (Chrono Boost), Dark Templar  
  112  10:13  Zealot  
  121  10:21  Archon  
  121  10:22  Archon  
  121  10:27  Zealot x2  
  125  10:46  Protoss Ground Weapons Level 2, Templar Archives  
  125  10:58  Probe (Chrono Boost)  
  125  11:00  Probe (Chrono Boost)  
  125  11:02  Probe (Chrono Boost)  
  128  11:08  Probe (Chrono Boost)  
  128  11:11  Probe (Chrono Boost)  
  130  11:12  Stalker  
  130  11:13  Stalker x2  
  130  11:14  Probe (Chrono Boost), Zealot x2  
  130  11:15  Zealot  
  143  11:19  Probe (Chrono Boost)  
  143  11:21  Immortal, Probe (Chrono Boost)  
  149  11:36  Pylon  
  149  11:39  Pylon  
  149  11:48  Pylon  
  149  11:55  Probe (Chrono Boost)  
  146  12:11  Observer  
  126  12:30  Observer  
  127  12:48  Probe x2 (Chrono Boost), Observer  
  127  12:50  Probe (Chrono Boost)  
  131  12:59  Probe x2 (Chrono Boost)  
  131  13:02  Probe (Chrono Boost)  
  134  13:09  Probe (Chrono Boost)  
  135  13:30  Probe x2 (Chrono Boost)  
  135  13:32  Probe (Chrono Boost)  
  138  13:41  Probe x2 (Chrono Boost)  
  140  13:44  Probe (Chrono Boost)  
  141  13:51  Probe x2 (Chrono Boost)  
  143  14:03  Zealot x3  
  143  14:04  Zealot x2  
  143  14:05  Zealot x4  
  151  14:25  Zealot x3  
  151  14:26  Zealot x4  
  151  14:27  Zealot x2  
  161  15:02  Zealot  
  163  15:10  Zealot x3  
  163  15:11  Zealot x3  
  163  15:12  Zealot x2  
  167  15:17  Protoss Ground Weapons Level 3  
  167  15:19  Protoss Ground Armor Level 2  
  147  15:30  Stalker x2  
  147  15:31  Stalker x2  
  147  15:32  Stalker x3  
  157  16:04  Zealot  
  157  16:05  Zealot x3  
  157  16:06  Zealot  
  159  16:14  Pylon  
  159  16:15  Pylon  
  159  16:17  Pylon  
  137  16:20  Pylon  
  137  16:22  Pylon  
  137  16:25  Pylon  
  132  16:26  Pylon  
  37  17:10  Probe x2 (Chrono Boost)  
  37  17:11  Probe (Chrono Boost)  
  40  17:19  Stalker  
  40  17:20  Stalker  
  40  17:21  Probe x2 (Chrono Boost), Stalker x2  
  40  17:22  Stalker x2  
  51  17:23  Probe (Chrono Boost)  
  43  17:39  Stalker  
  41  18:12  Zealot x4  
  47  18:13  Zealot  
  21  18:56  Zealot x2  
  21  18:57  Zealot  
Tags
 
Add a new tag
Caveats
  • Supply blocks, unpowered buildings, or Contaminate may cause inaccurate times.
  • Supply counts are checked every 10 seconds.